 Dungeon Crawl Stone Soup version 0.31-a0-348-g810772c3d7 (webtiles) character file.

Game seed: 18408005984994450118

147 AdnanSaban the Shield-Bearer (level 5, -7/33 HPs)
             Began as a Gargoyle Fighter on July 23, 2023.
             Was an Initiate of Okawaru.
             Mangled by an ogre
             ... wielding a +0 giant club
              (12 damage)
             ... on level 4 of the Dungeon.
             The game lasted 00:02:17 (2925 turns).

AdnanSaban the Shield-Bearer (Gargoyle Fighter)     Turns: 2925, Time: 00:02:18

Health: -7/33      AC: 12    Str: 22    XL:     5   Next: 29%
Magic:  5/5        EV:  9    Int:  8    God:    Okawaru [......]
Gold:   139        SH:  4    Dex:  9    Spells: 4/4 levels left

rFire   . . .        a - +0 flail
rCold   . . .        c - +0 buckler
rNeg    + . .        b - +0 scale mail
rPois   ∞            (no helmet)
rElec   +            (no cloak)
rCorr   .            (no gloves)
SInv    .            i - +0 pair of boots
Will    .....        (no amulet) Stlth
                     (no ring)
HPRegen 0.25/turn    (no ring)
MPRegen 0.09/turn

%: no passive effects
@: no status effects
A: sickness immunity, AC +4, negative energy resistance 1, electricity
resistance, torment resistance 1, petrification resistance
a: Renounce Religion


You were on level 4 of the Dungeon.
You worshipped Okawaru.
Okawaru was noncommittal.
You visited 2 branches of the dungeon, and saw 5 of its levels.

You collected 139 gold pieces.

Inventory:

Hand Weapons
 a - a +0 flail (weapon)
Armour
 b - a +0 scale mail (worn)
 c - a +0 buckler (worn)
 i - a +0 pair of boots (worn)
Jewellery
 h - a ring of fire
Scrolls
 f - 2 scrolls of teleportation {unknown}
 j - 3 scrolls of noise {unknown}
 k - 2 scrolls of identify {unknown}
 n - 2 scrolls of enchant armour {unknown}
Potions
 d - a potion of might
 e - 2 potions of mutation {unknown}
 g - a potion of magic {unknown}
 l - a potion of curing {unknown}
 m - a potion of haste {unknown}
 o - a potion of resistance {unknown}


   Skills:
 + Level 3.8 Fighting
 + Level 3.6 Maces & Flails
 + Level 3.9 Armour
 + Level 1.0 Dodging
 + Level 4.0 Shields


You had 4 spell levels left.
You didn't know any spells.
Your spell library contained the following spells:

 Spells                   Type           Power      Damage    Failure   Level
 Apportation              Tloc           0%         N/A       80%         1
 Necrotise                Necr           0%         1d4       80%         1
 Summon Small Mammal      Summ           Unusable   N/A       N/A         1

Dungeon Overview and Level Annotations

Branches:
Dungeon (4/15)             Temple (1/1) D:4

Altars:
Ashenzari
Cheibriados
Elyvilon
Fedhas
Gozag
Hepliaklqana
Kikubaaqudgha
Makhleb
Nemelex Xobeh
Okawaru
Qazlal
Ru
Sif Muna
Trog
Uskayaw
Vehumet
Wu Jian
Xom
Yredelemnul
Zin
The Shining One

Shops:
D:1 !   D:3 *


Innate Abilities, Weirdness & Mutations

You are immune to sickness and miasma.
Your stone body is resilient. (AC +4)
You are immune to poison.
You resist negative energy. (rN+)
You are resistant to electric shocks. (rElec)
You are resistant to unholy torment.
You are immune to petrification.


Message History

No target in view!
No target in view!
You see here a +0 club.
There is a staircase to the Ecumenical Temple here.
You climb downwards.
Welcome to the Ecumenical Temple!
Found a staircase back to the Dungeon.
There is a staircase back to the Dungeon here.
As you open the door, it creaks loudly!
There is an open door here.
Found a bloodstained altar of Trog.
Found a radiant altar of Vehumet and a sparkling altar of Nemelex Xobeh.
Found an ancient bone altar of Kikubaaqudgha.
Found a blossoming altar of Fedhas and a broken altar of Ashenzari.
Found an opulent altar of Gozag.
Found four altars.
Found a sacrificial altar of Ru.
Found two altars.
You open the door.
Found a snail-covered altar of Cheibriados.
There is an open door here.
Found a basalt altar of Yredelemnul and a glowing silver altar of Zin.
Found three altars.
Found a stormy altar of Qazlal.
There is an iron altar of Okawaru here.
You kneel at the altar of Okawaru.
Okawaru welcomes you!
There is a blossoming altar of Fedhas here.
There is an open door here.
There is an open door here.
There is a staircase back to the Dungeon here.
You climb upwards.
Welcome back to the Dungeon!
The ogre closely misses you.
There is a staircase to the Ecumenical Temple here.
Found a scale mail.
There is a fountain of clear blue water here.
The ogre attacks as you move away!
The ogre hits you with a +0 giant club!!
Ouch! That really hurt!
* * * LOW HITPOINT WARNING * * *
The ogre attacks as you move away! The ogre hits you with a +0 giant club!
You die...

#.......##.##.##.## .
##......#.........#.#
#........).........#
##.....#..⌠...⌠..#
#.....#.........###
#..........>......#
##.....#.........#.#
#......#..⌠...⌠..#
.......@O...........
#####..#.........#..
#..##.##.##.## # #..
......#...
.........###...
..####...[# .. ...
###..# .... #..


You could see an ogre.

Vanquished Creatures
  An iguana (D:4)
  4 adders
  2 dart slugs (D:2)
  An orc (D:3)
  9 ball pythons
  5 endoplasms
  10 giant cockroaches
  3 goblins
  7 hobgoblins
  9 jackals
  6 kobolds
  3 quokkas
  2 bats
  3 frilled lizards
  4 rats
69 creatures vanquished.

Notes
Turn   | Place    | Note
-------+----------+-------------------------------------------
     0 | D:1      | AdnanSaban the Gargoyle Fighter began the quest for the
                  | Orb.
     0 | D:1      | Reached XP level 1. HP: 14/14 MP: 1/1
   152 | D:1      | Reached XP level 2. HP: 16/19 MP: 2/2
   378 | D:1      | Reached XP level 3. HP: 23/23 MP: 3/3
   529 | D:1      | Found Wups's Distillery.
  1309 | D:2      | Reached XP level 4. HP: 29/29 MP: 4/4
  1615 | D:2      | Reached skill level 4 in Shields
  1897 | D:3      | Reached skill level 1 in Dodging
  2295 | D:3      | Reached XP level 5. HP: 33/33 MP: 5/5
  2379 | D:3      | Found Leurex's Assorted Antiques.
  2793 | D:4      | Found a staircase to the Ecumenical Temple.
  2796 | D:4      | Noticed an ogre
  2806 | Temple   | Entered the Ecumenical Temple
  2864 | Temple   | Became a worshipper of Warmaster Okawaru
  2925 | D:4      | Mangled by an ogre

Illustrated notes

Levels and vault maps discovered:
D:1:      dpeg_arrival_connections, layout_basic, serial_shops,
          nicolae_shop_peninsula, minmay_domino_2
D:2:      layout_basic, minmay_worlds_worst_comb
D:3:      layout_loops_corners, serial_shops, nicolae_shop_overgrown_old_shop
D:4:      layout_layer_cave, overflow_temple_1_default,
          minmay_temple_entry_large_hall, chequers_serial_rivers_room_a,
          uniq_natasha
Temple:   mainiacjoe_temple_starburst

Skill      XL: |  1  2  3  4 |
---------------+-------------+-----
Maces & Flails | 3 |  3.6
Shields        | 4 |  4.0
Dodging        | 1 |  1.0
Fighting       | |  3.8
Armour         | |  3.9

Action                     |  1- 3 |  4- 6 || total
---------------------------+-------+-------++-------
  Melee: Flail             |   128 |   111 ||   239
 Armour: Scale mail        |    75 |    63 ||   138
  Dodge: Dodged            |    80 |    55 ||   135
  Block: Buckler           |    27 |    21 ||    48

Table legend: (Time is in decaauts)
 A = Elapsed time spent in this place.
 B = Non-inter-level travel time spent in this place.
 C = Inter-level travel time spent in this place.
 D = Time resting spent in this place.
 E = Time spent auto-exploring this place.
 F = Levels seen in this place.
 G = Mean time per level.
                   A        B        C        D        E       F      G
               +--------+--------+--------+--------+--------+-----+--------+
         Total |   2995 |   2692 |    303 |      0 |   2165 |   5 |  599.0 |
       Dungeon |   2882 |   2688 |    194 |      0 |   2165 |   4 |  720.5 |
        Temple |    112 |      3 |    109 |      0 |      0 |   1 |  112.0 |
               +--------+--------+--------+--------+--------+-----+--------+

Top non-repeatable levels by time:
     D:2: 1171 daAuts
     D:3: 872 daAuts
     D:1: 769 daAuts
  Temple: 112 daAuts
     D:4: 69 daAuts
